 Dungeon Crawl Stone Soup version 0.24-a0-416-g56ce517 (webtiles) character file.

Game seed: 7212719258223292477

21 Deathlysoul the Shield-Bearer (level 2, -4/27 HPs)
             Began as a Minotaur Fighter on June 10, 2019.
             Slain by Sigmund
             ... wielding a +5 scythe of protection
              (8 damage)
             ... on level 2 of the Dungeon.
             The game lasted 00:00:39 (547 turns).

Deathlysoul the Shield-Bearer (Minotaur Fighter)     Turns: 547, Time: 00:00:40

Health: -4/27      AC:  7    Str: 20    XL:     2   Next: 65%
Magic:  1/1        EV:  7    Int:  5    God:
Gold:   44         SH:  9    Dex:  9    Spells: 1/1 levels left

rFire    . . .     SeeInvis .   a - +0 war axe
rCold    . . .     Gourm    .   c - +0 shield
rNeg     . . .     Faith    .   b - +0 scale mail
rPois    .         Spirit   .   (helmet restricted)
rElec    .         Reflect  .   (no cloak)
rCorr    .         Harm     .   (no gloves)
MR       .....                  (no boots)
Stlth    ..........             (no amulet)
HPRegen  0.09/turn              (no ring)
MPRegen  0.07/turn              (no ring)

@: no status effects
A: retaliatory headbutt, horns 2
a: no special abilities


You were on level 2 of the Dungeon.
You were not hungry.

You visited 1 branch of the dungeon, and saw 2 of its levels.

You collected 44 gold pieces.

Inventory:

Hand Weapons
 a - a +0 war axe (weapon)
Armour
 b - a +0 scale mail (worn)
 c - a +0 shield (worn)
Scrolls
 e - 4 scrolls of remove curse {unknown}
 g - a scroll of teleportation {unknown}
 k - a scroll of identify {unknown}
Potions
 d - a potion of might
 i - a potion of heal wounds {unknown}
 j - 2 potions of agility {unknown}
Comestibles
 f - 3 rations
 h - 5 chunks of flesh


   Skills:
 * Level 3.9 Fighting
 * Level 2.8 Axes
 * Level 3.9 Armour
 * Level 0.4 Dodging
 * Level 4.0 Shields


You had one spell level left.
You didn't know any spells.
Your spell library was empty.

Dungeon Overview and Level Annotations

Branches:
Dungeon (2/15)

Altars:

Annotations:
D:2 Sigmund


Innate Abilities, Weirdness & Mutations

You reflexively headbutt those who attack you in melee.
You have a pair of horns on your head.


Message History

Sigmund is moderately wounded.
You slash the worm!
You kill the worm!
Sigmund hits you but does no damage.
You barely miss Sigmund.
Sigmund is moderately wounded.
You block Sigmund's attack.
You barely miss Sigmund.
Sigmund is moderately wounded.
Sigmund casts a spell.
Sigmund flickers and vanishes!
Deactivating autopickup; reactivate with Ctrl-A.
You closely miss something. Your headbutt misses something. Something hits you!
* * * LOW HITPOINT WARNING * * *
You closely miss something. You headbutt something!
Something hits you but does no damage.
You closely miss something. Your headbutt misses something. Something hits you.
* * * LOW HITPOINT WARNING * * *
You miss something. Something hits you!
You die...

#. ......# #. .......
#####. .....#.#
......######.....#..
#..........#.....##.
#..........#.....##.##
........†........# ..#
.......@{...###### #.##
............########..##
............##..........
.##########.##.######)##
#..<...# #..# ####.#(#
##.# #.#.# #(. ### #.#.#
##( #<# #.#.# #(


There were no monsters in sight!

Vanquished Creatures
  2 worms (D:2)
  3 giant cockroaches
  2 hobgoblins (D:1)
  2 kobolds
  2 bats (D:1)
  2 frilled lizards (D:1)
  2 goblins (D:1)
15 creatures vanquished.

Notes
Turn   | Place    | Note
-------+----------+-------------------------------------------
     0 | D:1      | Deathlysoul the Minotaur Fighter began the quest for the
                  | Orb.
     0 | D:1      | Reached XP level 1. HP: 19/19 MP: 0/0
   216 | D:1      | Reached XP level 2. HP: 27/27 MP: 1/1
   514 | D:2      | Reached skill level 4 in Shields
   527 | D:2      | Noticed Sigmund
   547 | D:2      | Slain by Sigmund

Levels and vault maps discovered:
D:1:      grunt_arrival_lava_bath, layout_basic
D:2:      layout_basic, first_ration, ashenzari_altar_1, uniq_sigmund

Skill      XL: |  1  2 |
---------------+-------+-----
Shields        | 4 |  4.0
Fighting       | |  3.9
Axes           | |  2.8
Armour         | |  3.9
Dodging        | |  0.4

Action                   || total
-------------------------++-------
Melee: War axe           ||    39
       Headbutt          ||     4
Armor: Scale mail        ||    17
Dodge: Dodged            ||    18
Block: Shield            ||    23

Table legend:
 A = Non-vault XP
 B = Vault XP
 C = Vault XP percentage of total XP
 D = Non-vault monster count
 E = Vault monster count
 F = Vault count percentage of total count
                 A         B        C        D         E       F
            +---------+---------+-------+---------+---------+-------
      Total |      31 |       0 |   0.0 |      15 |       0 |   0.0
            +---------+---------+-------+---------+---------+-------
        D:1 |      18 |       0 |   0.0 |      11 |       0 |   0.0
        D:2 |      13 |       0 |   0.0 |       4 |       0 |   0.0
            +---------+---------+-------+---------+---------+-------
